AoeStats
← Only 1 call a day

Arena

509575597Analyzed
4v4 RM · 4d ago on Sep 27, 2026· 61m 24s· 8 players
Game mode
Random Map
Map size
Large (8 player)
Population
200
Speed
Normal
Resources
Standard
Victory
Conquest
Starting age
Dark Age
Ending age
Imperial Age
RankedLock teamsTeams togetherTeam positionsShared explorationLock speedFull tech treeHidden civsTurbo modeCheats
Victory
Defeat
🇨🇳 Poles · China
965
+15
🇬🇧 Franks · United Kingdom
870
+19
🇧🇪 Saxons · Belgium
845
+20
🇨🇳 Celts · China
806
+21
🇪🇸 Japanese · Spain
1000
-69
🇨🇳 Bulgarians · China
945
-19
🇻🇳 Japanese · Vietnam
926
-19
🇩🇪 Persians · Germany
873
-16
Only 1 call a day
0:28 Loom
13:09 Feudal Age
19:50 Castle Age
17:39 Horse Collar
17:46 Double-Bit Axe
20:10 Forging
19:52 Stone Mining
19:55 Gold Mining
26:35 Heavy Plow
26:49 Bow Saw
27:42 Wheelbarrow
28:20 Gold Shaft Mining
28:49 Treadmill Crane
31:53 Imperial Age
30:27 Iron Casting
30:26 Hand Cart
31:05 Squires
31:19 Gambesons
33:33 Conscription
33:21 Scale Mail Armor
34:22 Blast Furnace
34:47 Chemistry
34:19 Caravan
34:25 Elite Samurai
35:39 Arson
36:16 Ballistics
37:02 Kataparuto
36:43 Pikeman
37:20 Halberdier
38:43 Chain Mail Armor
44:31 Man-at-Arms
45:52 Plate Mail Armor
45:43 Long Swordsman
47:11 Two-Handed Swordsman
49:49 Champion
danielbencomo.p2
1:10 Loom
10:03 Feudal Age
15:25 Wheelbarrow
14:36 Town Watch
15:46 Horse Collar
15:55 Double-Bit Axe
29:16 Castle Age
VeryOldNoob
10:43 Feudal Age
14:58 Castle Age
14:12 Double-Bit Axe
15:00 Loom
15:51 Wheelbarrow
25:17 Horse Collar
26:51 Scale Barding Armor
28:38 Chain Barding Armor
28:29 Forging
28:33 Gold Mining
29:10 Bloodlines
30:20 Iron Casting
29:36 Fletching
35:23 Imperial Age
33:37 Bodkin Arrow
35:16 Husbandry
35:07 Cavalier
36:26 Plate Barding Armor
36:52 Blast Furnace
36:35 Conscription
36:50 Savar
54:47 Light Cavalry
55:59 Kamandaran
56:36 Hussar
57:23 Crossbowman
59:32 Chemistry
58:29 Murder Holes
伐木人
4:37 Loom
11:30 Feudal Age
10:36 Loom
13:46 Wheelbarrow
13:22 Double-Bit Axe
15:57 Castle Age
26:32 Fletching
28:49 Masonry
29:31 Horse Collar
33:30 Imperial Age
33:36 Ballistics
35:24 Gambesons
37:03 Conscription
38:01 Arson
38:27 Forging
38:18 Scale Mail Armor
37:53 Heavy Scorpion
39:10 Gold Mining
39:10 Stone Mining
40:51 Bow Saw
40:09 Capped Ram
41:51 Iron Casting
41:32 Chain Mail Armor
41:55 Heavy Plow
43:53 Plate Mail Armor
42:57 Pikeman
43:38 Squires
43:33 Siege Ram
46:01 Hand Cart
47:00 Crop Rotation
47:48 Elite Konnik
50:48 Blast Furnace
49:55 Scale Barding Armor
50:05 Town Watch
50:58 Bagains
52:53 Halberdier
61:17 Architecture
Caesar
13:04 Feudal Age
11:21 Loom
15:20 Double-Bit Axe
15:17 Horse Collar
20:02 Castle Age
19:26 Stone Mining
19:29 Gold Mining
20:23 Forging
20:16 Scale Mail Armor
22:06 Bow Saw
21:58 Heavy Plow
23:08 Squires
25:22 Padded Archer Armor
29:41 Leather Archer Armor
29:18 Fletching
30:16 Iron Casting
29:52 Caravan
31:22 Wheelbarrow
31:49 Gold Shaft Mining
35:54 Imperial Age
33:40 Fortified Wall
33:26 Murder Holes
34:13 Scale Barding Armor
34:20 Bodkin Arrow
35:30 Hand Cart
35:03 Town Watch
36:14 Chain Mail Armor
36:22 Chain Barding Armor
36:37 Heated Shot
37:23 Crop Rotation
37:56 Two-Man Saw
37:00 Town Patrol
37:52 Conscription
37:39 Cranequins
38:52 Pikeman
40:46 Plate Mail Armor
41:21 Ring Archer Armor
40:51 Bracer
41:23 Halberdier
46:25 Coinage
46:08 Guilds
46:21 Ballistics
47:02 Chemistry
45:57 Man-at-Arms
46:23 Gambesons
47:02 Man-at-Arms
50:42 Long Swordsman
51:16 Two-Handed Swordsman
DOOF
4:24 Loom
4:54 Loom
10:40 Feudal Age
11:32 Double-Bit Axe
12:55 Town Watch
17:49 Castle Age
16:52 Gold Mining
19:05 Bow Saw
22:58 Wheelbarrow
24:32 Stone Mining
26:20 Hand Cart
28:42 Gold Shaft Mining
29:42 Scale Barding Armor
29:57 Forging
31:50 Husbandry
31:47 Murder Holes
34:52 Imperial Age
34:42 Chain Barding Armor
35:05 Cavalier
36:33 Plate Barding Armor
36:34 Iron Casting
38:28 Ballistics
39:08 Chemistry
37:49 Treadmill Crane
37:39 Paladin
39:50 Chivalry
42:22 Blast Furnace
44:06 Pikeman
46:25 Pikeman
55:52 Elite Throwing Axeman
johnsonhardy
12:59 Feudal Age
14:31 Horse Collar
14:40 Double-Bit Axe
20:19 Castle Age
27:31 Bow Saw
34:22 Imperial Age
34:02 Wheelbarrow
33:51 Town Watch
34:21 Heavy Plow
34:15 Stone Mining
34:16 Gold Mining
37:56 Hand Cart
37:36 Elite Skirmisher
41:44 Chemistry
41:05 Ballistics
41:54 Heavy Scorpion
49:30 Padded Archer Armor
49:21 Fletching
61:47 Furor Celtica
61:29 Stronghold
62:02 Conscription
夏洛克小光
0:48 Loom
11:34 Feudal Age
12:05 Double-Bit Axe
16:35 Stone Mining
16:47 Gold Mining
18:59 Castle Age
19:54 Bow Saw
23:34 Horse Collar
30:31 Imperial Age
27:48 Town Watch
30:00 Bloodlines
29:52 Husbandry
29:59 Scale Barding Armor
30:14 Light Cavalry
32:04 Chain Barding Armor
31:55 Forging
33:42 Conscription
34:31 Stone Shaft Mining
34:45 Lechitic Legacy
35:07 Iron Casting
34:52 Winged Hussar
36:58 Blast Furnace
35:56 Fletching
39:50 Wheelbarrow
40:14 Heavy Plow
40:47 Hand Cart
42:01 Crop Rotation
42:35 Bodkin Arrow
42:03 Cavalier
45:30 Bracer
45:32 Padded Archer Armor
50:28 Chemistry
49:41 Masonry
49:11 Treadmill Crane
49:42 Fortified Wall
57:37 Murder Holes
Connection lost

Rejoining the realm…

Still unreachable

The connection could not be restored.

Session expired

The server has moved on; the page needs a fresh start.